 Dungeon Crawl Stone Soup version 0.24.0-13-gcf9b319 (webtiles) character file.

Game seed: 10853524784102794532, levelgen mode: deterministic

21 EndlessMike the Skirmisher (level 2, 0/24 (27) HPs)
             Began as a Demonspawn Wanderer on Apr 20, 2020.
             Slain by a necrophage (4 damage)
             ... on level 3 of the Dungeon.
             The game lasted 00:01:35 (437 turns).

EndlessMike the Skirmisher (Demonspawn Wanderer)     Turns: 437, Time: 00:01:36

HP:   0/24 (27)     AC:  4    Str: 11    XL:     2   Next: 65%
MP:   3/3           EV: 10    Int: 10    God:
Gold: 81            SH:  0    Dex: 16    Spells: 1/1 levels left

rFire    . . .     SeeInvis .     - Unarmed
rCold    . . .     Gourm    .   (no shield)
rNeg     . . .     Faith    .   j - +1 leather armour {rPois}
rPois    +         Spirit   .   (no helmet)
rElec    .         Reflect  .   (no cloak)
rCorr    .         Harm     .   (no gloves)
MR       .....                  (no boots)
Stlth    ++........             (no amulet)
HPRegen  0.08/turn              (no ring)
MPRegen  0.08/turn              (no ring)

@: no status effects
A: nightstalker 1
a: no special abilities


You were on level 3 of the Dungeon.
You were not hungry.

You visited 1 branch of the dungeon, and saw 3 of its levels.

You collected 81 gold pieces.

Inventory:

Missiles
 a - 13 poisoned darts (quivered)
Armour
 j - a +1 leather armour of poison resistance (worn)
Scrolls
 b - a scroll of blinking
 c - 2 scrolls of teleportation
 d - a scroll of immolation {unknown}
 g - a scroll of fear {unknown}
 k - a scroll of identify {unknown}
Potions
 e - a potion of berserk rage
 h - a potion of flight {unknown}
 i - a potion of agility {unknown}
Comestibles
 f - 6 rations


   Skills:
 - Level 5.0 Fighting
   Level 1.0 Maces & Flails
 + Level 3.0 Unarmed Combat
   Level 2.0 Evocations


You had one spell level left.
You didn't know any spells.
Your spell library was empty.

Dungeon Overview and Level Annotations

Branches:
Dungeon (3/15)

Altars:


Innate Abilities, Weirdness & Mutations

You are slightly more attuned to the shadows.


Message History

The necrophage is severely damaged.
The necrophage misses you.
You hit the necrophage but do no damage.
The necrophage is severely damaged.
The necrophage closely misses you.
You hit the necrophage.
The necrophage is almost destroyed.
The necrophage hits you.
* * * LOW HITPOINT WARNING * * *
You closely miss the necrophage.
The necrophage is almost destroyed.
The necrophage closely misses you.
You hit the necrophage but do no damage.
The necrophage is almost destroyed.
The necrophage hits you.
* * * LOW HITPOINT WARNING * * *
You closely miss the necrophage.
The necrophage is almost destroyed.
The necrophage hits you.
You die...

#. #.##.#.#..
#.##.........
#..........#.
##.........#.
###..#.......#.
#...#....<.....
##.###........#.
####........#.##...
#.@nK....####..
####.#.#...
....##### ...#...
...#...< #### ...
..


You could see a necrophage and a kobold.

Vanquished Creatures
  A leopard gecko (D:1)
  3 giant cockroaches (D:1)
  4 goblins
  2 hobgoblins
  A ball python (D:1)
  2 bats (D:1)
  2 frilled lizards (D:1)
  2 kobolds (D:1)
  3 rats (D:1)
20 creatures vanquished.

Vanquished Creatures (others)
  A goblin (D:2)
1 creature vanquished.

Grand Total: 21 creatures vanquished

Notes
Turn   | Place    | Note
-------+----------+-------------------------------------------
     0 | D:1      | EndlessMike the Demonspawn Wanderer began the quest for the
                  | Orb.
     0 | D:1      | EndlessMike set off with the following items: a +0 dagger,
                  | a scroll of blinking, 2 scrolls of teleportation, a +0
                  | robe, a potion of berserk rage, a ration
     0 | D:1      | Reached XP level 1. HP: 21/21 MP: 2/2
   170 | D:1      | Gained mutation: You are slightly more attuned to the
                  | shadows. [demonic ancestry]
   170 | D:1      | Reached XP level 2. HP: 26/27 MP: 3/3
   404 | D:3      | Noticed a necrophage
   437 | D:3      | Slain by a necrophage

Levels and vault maps discovered:
D:1:      scummos_arrival_forest, layout_loops_ring, serial_glass,
          glass_columns_a, glass_columns_b, minmay_pentomino_w4
D:2:      layout_basic, fiery_altar_vehumet, first_ration, minmay_joined_circles
D:3:      layout_rooms

Skill      XL: |  1  2 |
---------------+-------+-----
Unarmed Combat | 2 3 |  3.0
Fighting       | |  5.0
Maces & Flails | |  1.0
Evocations     | |  2.0

Action                   || total
-------------------------++-------
Melee: Unarmed           ||    75
 Stab: Sleeping          ||     2
Armor: Leather armour    ||    28
       Robe              ||     1
Dodge: Dodged            ||    44
